 Dungeon Crawl Stone Soup version 0.27.1 (webtiles) character file.

Game seed: 9624040063970579394

74 MajorAdolf the Covered (level 4, -3/42 HPs)
             Began as a Naga Wanderer on Sept 2, 2021.
             Slain by a gnoll (12 damage)
             ... on level 2 of the Dungeon.
             The game lasted 00:02:30 (1644 turns).

MajorAdolf the Covered (Naga Wanderer)              Turns: 1644, Time: 00:02:31

Health: -3/42      AC:  7    Str: 15    XL:     4   Next: 30%
Magic:  4/4        EV:  7    Int: 12    God:
Gold:   43         SH:  0    Dex: 11    Spells: 3/3 levels left

rFire    . . .     SeeInvis +   e - +1 long sword (protect)
rCold    . . .     Faith    .   (no shield)
rNeg     . . .     Spirit   .   b - +2 scale mail
rPois    +         Reflect  .   (no helmet)
rElec    .         Harm     .   (no cloak)
rCorr    .         Rampage  .   (no gloves)
Will     .....                  (no barding)
Stlth    ..........             (no amulet)
HPRegen  0.14/turn              (no ring)
MPRegen  0.09/turn              (no ring)

@: very slow
A: AC +1, large, see invisible, deformed body, poison resistance, slowness 2,
spit poison 1, naga tail 1
a: Spit Poison


You were on level 2 of the Dungeon.
You visited 1 branch of the dungeon, and saw 2 of its levels.

You collected 43 gold pieces.

Inventory:

Hand Weapons
 a - a +0 hand axe
 e - a +1 long sword of protection (weapon)
 h - a +0 hunting sling
Missiles
 i - 17 sling bullets
Armour
 b - a +2 scale mail (worn)
Scrolls
 f - a scroll of brand weapon {unknown}
 j - 2 scrolls of identify {unknown}
Potions
 c - 2 potions of curing
 d - 2 potions of attraction {unknown}
 g - a potion of lignification {unknown}
 k - a potion of heal wounds {unknown}


   Skills:
 + Level 3.2 Fighting
 - Level 0.4 Axes
 - Level 1.0 Bows
 - Level 1.3 Crossbows
 + Level 3.9 Armour
 - Level 1.0 Shields
 - Level 1.0 Evocations


You had 3 spell levels left.
You didn't know any spells.
Your spell library was empty.

Dungeon Overview and Level Annotations

Branches:
Dungeon (2/15)

Altars:


Innate Abilities, Weirdness & Mutations

Your serpentine skin is tough. (AC +1)
You have supernaturally acute eyesight. (SInv)
Armour fits poorly on your strangely shaped body.
Your system is resistant to poisons. (rPois)
You cover ground very slowly.
You can spit poison.
You have a snake-like lower body.


Message History

You kill the bat!
No target in view!
A gnoll comes into view. It is wielding a +0 halberd.
The gnoll shouts!
A gnoll is nearby!
A gnoll comes into view. It is wielding a +0 halberd.
Press: ? - help, Shift-Dir - straight line, f - gnoll
Aim: a gnoll, wielding a +0 halberd The splash of poison hits the gnoll.
The gnoll is lightly wounded.
The gnoll shouts!
Unknown command.
The gnoll barely misses you.
You have got your breath back.
The gnoll hits you but does no damage.
Unknown command.
Unknown command.
Press: ? - help, Shift-Dir - straight line, f/p - gnoll
Aim: a gnoll, wielding a +0 halberd (lightly wounded)
The splash of poison hits the gnoll.
The gnoll is poisoned.
The gnoll is moderately wounded.
A gnoll shaman comes into view. It is wielding a +0 club.
The gnoll hits you from afar with a +0 halberd.
Unknown command.
The gnoll hits you with a +0 halberd. The gnoll hits you but does no damage.
The gnoll shaman shouts!
The gnoll hits you with a +0 halberd! x2; The gnoll completely misses you.
You have got your breath back.
The gnoll looks more healthy.
The gnoll hits you from afar with a +0 halberd.
The gnoll barely misses you.
The gnoll hits you from afar with a +0 halberd.
The gnoll hits you from afar with a +0 halberd.
The gnoll hits you but does no damage.
The gnoll hits you from afar with a +0 halberd.
* * * LOW HITPOINT WARNING * * *
There is an escape hatch in the ceiling here.
The gnoll hits you but does no damage.
The gnoll hits you from afar with a +0 halberd!
You die...

#............###
#............#
#######......########
#######........
#.......######
#.......#
#.......######
#............##
#...@..........
#..............
#...gg.........
#......g...###
#.......########.#
###............g....
...........#######.#
......†#'#.#
.......#.#.#######.


You could see a gnoll shaman and 2 gnolls.

Vanquished Creatures
  A howler monkey skeleton (D:2)
  3 adders (D:2)
  A dart slug (D:1)
  2 ball pythons (D:1)
  5 endoplasms
  2 giant cockroaches (D:1)
  5 goblins
  5 hobgoblins
  4 bats
  A frilled lizard (D:2)
  3 kobolds
  2 rats
34 creatures vanquished.

Notes
Turn   | Place    | Note
-------+----------+-------------------------------------------
     0 | D:1      | MajorAdolf the Naga Wanderer began the quest for the Orb.
     0 | D:1      | MajorAdolf set off with the following items: a +0 hand axe,
                  | a +2 scale mail, a potion of curing
     0 | D:1      | Reached XP level 1. HP: 19/19 MP: 1/1
   197 | D:1      | Reached XP level 2. HP: 26/26 MP: 2/2
  1144 | D:2      | Reached XP level 3. HP: 33/33 MP: 3/3
  1521 | D:2      | Reached XP level 4. HP: 38/42 MP: 4/4
  1644 | D:2      | Slain by a gnoll

Illustrated notes

Levels and vault maps discovered:
D:1:      nagdon_arrival_double_spiral, layout_basic, serial_glass,
          glass_columns_a, glass_columns_a, kennysheep_minor_cross,
          nrook_mini_vaults, chequers_mini_garden
D:2:      minmay_diamond_boxcup, layout_basic

Skill      XL: |  1  2  3 |
---------------+----------+-----
Fighting       | 3 |  3.2
Axes           | |  0.4
Bows           | |  1.0
Crossbows      | |  1.3
Armour         | |  3.9
Shields        | |  1.0
Evocations     | |  1.0

Action                   |  1- 3 |  4- 6 || total
-------------------------+-------+-------++-------
Melee: Hand axe          |    24 |       ||    24
       Long sword        |    69 |    13 ||    82
 Abil: Spit Poison       |       |     2 ||     2
Armor: Scale mail        |    84 |    16 ||   100
Dodge: Dodged            |    41 |    10 ||    51
       Rpst.: Long sword |     7 |     2 ||     9
